 Dungeon Crawl Stone Soup version bcrawl-1.19-7-g22fd707d3b (webtiles) character file.

Game seed: 16198834742354051778

113 MisterOstroum the Digger (level 4, 26/26 HPs)
             Began as a Gargoyle Earth Elementalist on Nov 18, 2019.
             Quit the game on level 3 of the Dungeon.
             The game lasted 00:06:51 (2120 turns).

MisterOstroum the Digger (GrEE)                     Turns: 2120, Time: 00:06:52

Health: 26/26      AC:  6    Str: 10    XL:     4   Next: 96%
Magic:  0/6        EV: 12    Int: 16    God:
Gold:   89         SH:  0    Dex: 10    Spells: 1/7 levels left

rFire    . . .     SeeInvis +   d - +0 dagger
rCold    + . .     Gourm    .   (no shield)
rNeg     + . .     Faith    .   v - +0 robe (curse)
rPois    ∞         Spirit   .   (no helmet)
rElec    +         Reflect  .   (no cloak)
rCorr    .         Harm     .   k - +0 pair of gloves
MR       .....     Rnd*Tele +   (no boots)
Stlth    ++........             (no amulet)
HPRegen  0.08/turn              q - ring of see invisible
MPRegen  0.10/turn              x - ring of teleportation (curse)

@: no status effects
A: cold resistance 1, low mp 1, negative energy resistance 1, electricity
resistance, weak 1, unbreathing, petrification resistance, rot immunity, AC +3
a: no special abilities


You were on level 3 of the Dungeon.
You were hungry.

You visited 1 branch of the dungeon, and saw 3 of its levels.

You collected 89 gold pieces.

Inventory:

Hand Weapons
 d - a +0 dagger (weapon)
 o - a +1 spear of piercing
 w - a +0 flail
Missiles
 b - 335 stones (quivered)
 t - 438 sling bullets
Armour
 c - a +0 robe
 k - a +0 pair of gloves (worn)
 v - a cursed +0 robe (worn)
Jewellery
 q - a ring of see invisible (left hand)
 x - a cursed ring of teleportation (right hand)
Scrolls
 g - 4 scrolls of amnesia {unknown}
 h - 2 scrolls of remove curse {unknown}
 j - a scroll of teleportation {unknown}
 m - a scroll of fear {unknown}
 n - a scroll of identify {@r1}
 p - a scroll of enchant armour {unknown}
 s - a scroll of immolation {unknown}
Potions
 a - a potion of might {@q3 !q}
 f - 2 potions of resistance
 i - a potion of flight
 l - a potion of berserk rage
Comestibles
 e - 4 rations {!d}
 u - 12 chunks of flesh


   Skills:
 + Level 2.1 Fighting
 - Level 1.5 Dodging
 - Level 2.4 Stealth
 - Level 2.0 Spellcasting
 - Level 0.7 Transmutations
 - Level 6.0 Earth Magic


You had one spell level left.
You knew the following spells:

 Your Spells              Type           Power        Failure   Level  Hunger
a - Sandblast             Erth           ###...       1%          1    #......
c - Stone Arrow           Conj/Erth      ##....       19%         3    ###....
P - Passwall              Tmut/Erth      ##......     8%          2    ###....

Your spell library contained the following spells:

 Spells                   Type           Power        Failure   Level  Hunger
 Lee's Rapid Deconstruct  Erth           ###.......   43%         5    ######.
 Petrify                  Tmut/Erth      ##......     45%         4    #####..


Dungeon Overview and Level Annotations

Branches:
Dungeon (3/12)

Altars:


Innate Abilities, Weirdness & Mutations

You are resistant to torment.
Your stone body is resilient. (AC +3)
You are immune to poison.
You resist negative energy. (rN+)
You are resistant to electric shocks. (rElec)
You can survive without breathing.
You are immune to petrification.
You are immune to rotting.
Your flesh is cold resistant. (rC+)
Your magical capacity is low. (-10% MP)
You are weak. (Str -2)


Message History

The adder barely misses you.
You closely miss the adder.
The adder is heavily wounded.
The adder bites you but does no damage.
Casting: Stone Arrow (safe; 21% risk of failure)
Confirm with . or Enter, or press ? or * to list all spells.
You don't have enough magic to cast that spell.
You miss the adder.
The adder is heavily wounded.
The adder bites you but does no damage. x2
You hit the adder.
The adder is severely wounded.
The adder closely misses you.
Casting: Stone Arrow (safe; 21% risk of failure)
Confirm with . or Enter, or press ? or * to list all spells.
You don't have enough magic to cast that spell.
You closely miss the adder.
The adder is severely wounded.
The adder bites you but does no damage.
Casting: Stone Arrow (safe; 21% risk of failure)
Confirm with . or Enter, or press ? or * to list all spells.
You don't have enough magic to cast that spell.
You barely miss the adder.
The adder is severely wounded.
The adder misses you. The adder bites you but does no damage.
You hit the adder.
The adder is almost dead.
The adder closely misses you.
You miss the adder.
The adder is almost dead.
The adder bites you but does no damage.
Casting: Stone Arrow (safe; 21% risk of failure)
Confirm with . or Enter, or press ? or * to list all spells.
You don't have enough magic to cast that spell.
Wield which item (- for none, * to show all)? (? for menu, Esc to quit)
Okay, then.
Wear which item? (? for menu, Esc to quit)
Okay, then.
Casting: Stone Arrow (safe; 21% risk of failure)
Confirm with . or Enter, or press ? or * to list all spells.
You don't have enough magic to cast that spell.
You hit the adder.
The adder is almost dead.
The adder bites you but does no damage.
You hit the adder but do no damage.
The adder is almost dead.
The adder bites you but does no damage. The adder bites you.
You hit the adder.
You kill the adder!
No target in view!
x - an encrusted golden ring
Press: ? - help, v - describe, . - travel The floor.
Put on which piece of jewellery? (? for menu, Esc to quit)
You feel slightly jumpy.
Oops, that ring feels deathly cold.
x - a cursed ring of teleportation (right hand) Really quaff the potion of mutation?
You feel extremely strange.
You feel clever.
Your iridescent scales disappear.
You feel less energetic.
You feel weaker.
You feel resistant to cold.
Unknown command.
Some of the chunks of flesh in your inventory have rotted away.
Magic restored.
HP restored.
Some of the chunks of flesh in your inventory have rotted away.
Things that are here:
a +0 morningstar; an orc skeleton
There is an escape hatch in the ceiling here.
Found a stone staircase leading up.
b - 336 stones (gained 186)
Found a stone staircase leading down. 2 orcs come into view.
An orc comes into view. It is wielding a +0 whip.
There are monsters nearby!
There are monsters nearby!
Throwing (i - inventory)
b - 336 stones (quivered)
Press: ? - help, Shift-Dir - straight line, f - orc
Aim: an orc, wielding a +0 whip (hasn't noticed you)
You throw a stone. The stone barely misses the orc.
The orc shouts! x2
A kobold comes into view.
An orc wizard comes into view. It is wielding a +0 dagger.
Casting: Stone Arrow (safe; 19% risk of failure)
Confirm with . or Enter, or press ? or * to list all spells.
Aiming: Stone Arrow (safe; 19% risk of failure)
Press: ? - help, Shift-Dir - straight line, f/p - orc
Aim: an orc, wielding a +0 whip The stone arrow hits the orc.
You kill the orc!
Your Fighting skill increases to level 2!
The orc shouts!
The orc wizard shouts!
You are feeling hungry.
Casting: Stone Arrow (safe; 19% risk of failure)
Confirm with . or Enter, or press ? or * to list all spells.
Aiming: Stone Arrow (safe; 19% risk of failure)
Press: ? - help, Shift-Dir - straight line, f - orc
Aim: an orc, wearing a +0 chain mail The stone arrow hits the orc.
You kill the orc!
Are you sure you want to abandon this character and quit the game? (Confirm with "yes".)

..........###.###..####
.....##...#.#.#.#.#<#.#.
.###.#####............... #
#......#.#.#.#.#.#.#.#.
####.#<.................
###.)..###.#.#.#.#.#.#.#.###
##...#####..................
#..### ##.#.#.#.#.#.#.#.#
..## ######@.........# #.
.## ###.###....#... #
#......#...# ####o....).#
#....>..# #....[....
###..#..#. ......K .#.#..#


You could see an orc.

Vanquished Creatures
  3 adders
  An ooze (D:1)
  3 worms
  A dart slug (D:3)
  A leopard gecko (D:1)
  9 orcs
  A giant cockroach (D:2)
  2 goblins (D:1)
  7 hobgoblins
  7 jackals
  12 kobolds
  A quokka (D:2)
  4 bats
  2 frilled lizards
  6 rats
60 creatures vanquished.

Notes
Turn   | Place    | Note
-------+----------+-------------------------------------------
     0 | D:1      | MisterOstroum the Gargoyle Earth Elementalist began the
                  | quest for the Orb.
     0 | D:1      | Reached XP level 1. HP: 10/10 MP: 3/3
   161 | D:1      | Reached skill level 4 in Earth Magic
   161 | D:1      | Reached XP level 2. HP: 15/15 MP: 0/5
   582 | D:1      | Reached XP level 3. HP: 19/19 MP: 4/6
   600 | D:1      | Reached skill level 5 in Earth Magic
  1274 | D:2      | Reached XP level 4. HP: 15/24 MP: 3/7
  1593 | D:2      | Reached skill level 6 in Earth Magic
  1829 | D:3      | Reached skill level 1 in Fighting
  1864 | D:2      | Learned a level 3 spell: Stone Arrow
  1898 | D:2      | Learned a level 2 spell: Passwall
  1987 | D:3      | Gained mutation: You are dopey. (Int -2) [potion of
                  | mutation]
  1987 | D:3      | Gained mutation: You are partially covered in iridescent
                  | scales. (AC +2) [potion of mutation]
  2025 | D:3      | Lost mutation: You are dopey. (Int -2) [potion of mutation]
  2025 | D:3      | Lost mutation: You are partially covered in iridescent
                  | scales. (AC +2) [potion of mutation]
  2025 | D:3      | Gained mutation: Your magical capacity is low. (-10% MP)
                  | [potion of mutation]
  2025 | D:3      | Gained mutation: You are weak. (Str -2) [potion of
                  | mutation]
  2025 | D:3      | Gained mutation: Your flesh is cold resistant. (rC+)
                  | [potion of mutation]
  2120 | D:3      | Quit the game

Skill      XL: |  1  2  3  4 |
---------------+-------------+-----
Earth Magic    | 4 5 6 |  6.0
Fighting       | 2 |  2.1
Dodging        | |  1.5
Stealth        | |  2.4
Spellcasting   | |  2.0
Transmutations | |  0.7

Action                   |  1- 3 |  4- 6 || total
-------------------------+-------+-------++-------
Melee: Unarmed           |     7 |       ||     7
       Dagger            |    46 |    45 ||    91
Throw: Stone             |       |     2 ||     2
 Cast: Sandblast         |    40 |    17 ||    57
       Stone Arrow       |       |     6 ||     6
  Use: Scroll            |     5 |     1 ||     6
       Potion            |       |     2 ||     2
 Stab: Sleeping          |     3 |     3 ||     6
  Eat: Chunk             |     2 |     3 ||     5
Armor: Robe              |    23 |    21 ||    44
Dodge: Dodged            |    42 |    26 ||    68
